 Dungeon Crawl Stone Soup version 0.16-a0-313-gd7fe310 (webtiles) character file.

37 PolkaDot the Vexing (level 3, -2/24 HPs)
             Began as a Vampire Enchanter on Sept 1, 2014.
             Was an Initiate of Makhleb.
             Slain by a giant gecko (3 damage)
             ... on Level 2 of the Dungeon.
             The game lasted 00:05:19 (2079 turns).

PolkaDot the Vexing (Vampire Enchanter)             Turns: 2079, Time: 00:05:19

HP  -2/24        AC  3     Str  7      XL: 3   Next: 21%
MP   0/6         EV 18     Int 18      God: Makhleb [......]
Gold 115         SH  0     Dex 19      Spells:  2 memorised,  3 levels left

rFire  . . .     SeeInvis +     a - +1 dagger
rCold  + . .     Clarity  .     b - +1 robe
rNeg   + + .     rCorr    .     (no shield)
rPois  +         rRot     +     (no helmet)
rElec  .         Spirit   .     (no cloak)
SustAb .         Warding  .     (no gloves)
rMut   .         Stasis   .     (no boots)
Gourm  .                        (no amulet)
MR     .....                    (no ring)
                                (no ring)

@: agile, very slightly contaminated, regenerating slowly, not resistant to
hostile enchantments, stealthy
A: fangs 3, hooves 1, see invisible, deterioration 1, unbreathing
a: Bat Form, Renounce Religion


You were on level 2 of the Dungeon.
You worshipped Makhleb.
Makhleb was noncommittal.
You were thirsty.

You visited 1 branch of the dungeon, and saw 2 of its levels.

You collected 115 gold pieces.

Inventory:

Hand weapons
 a - a +1 dagger (weapon)
Armour
 b - a +1 robe (worn)
Magical devices
 m - a wand of flame (9) {unknown}
Scrolls
 e - a scroll of recharging {unknown}
 g - a scroll of enchant weapon {unknown}
 j - a scroll of identify {unknown}
 k - 3 scrolls of remove curse {unknown}
 l - a scroll of fear {unknown}
 n - a scroll of random uselessness {unknown}
 o - 2 scrolls of amnesia {unknown}
 p - a scroll of blinking {unknown}
Jewellery
 r - a +3 ring of intelligence {unknown}
Books
 c - a book of Maledictions

   Spells                             Type                      Level
   *Corona                            Hexes                        1
   Sure Blade                         Hexes/Charms                 2
   *Ensorcelled Hibernation           Hexes/Ice                    2
   Confuse                            Hexes                        3
   Dazzling Spray                     Conjuration/Hexes            3
   Enslavement                        Hexes                        4


   Skills:
 + Level 2.0 Short Blades
 - Level 2.1 Dodging
 - Level 4.9 Stealth
 - Level 2.0 Spellcasting
 + Level 5.1 Hexes
 * Level 1.0 Ice Magic


You had 3 spell levels left.
You knew the following spells:

 Your Spells              Type           Power        Failure   Level  Hunger
a - Corona                Hex            ###....      1%          1    #......
d - Ensorcelled Hibernat  Hex/Ice        ##....       10%         2    ##.....


Dungeon Overview and Level Annotations

Branches:
Dungeon (2/15)

Altars:
Makhleb


Innate Abilities, Weirdness & Mutations

You heal slowly.
You have razor-sharp teeth.
You have supernaturally acute eyesight.
You can survive without breathing.
You have large cloven feet.
Your body is slowly deteriorating.


Message History

You feel agile all of a sudden.
It was a potion of agility.
The giant gecko bites you but does no damage.
The giant gecko barely misses you.
Drink which item? (? for menu, Esc to quit)
You feel extremely strange.
You feel yourself wasting away.
Your feet thicken and deform.
It was a potion of mutation.
The giant gecko misses you.
Drink which item? (? for menu, Esc to quit)
There was something very wrong with that liquid!
You feel weakened.
It was a potion of degeneration.
The giant gecko closely misses you.
Drink which item? (? for menu, Esc to quit)
You feel your strength returning.
It was a potion of restore abilities.
The giant gecko barely misses you.
Drink which item? (? for menu, Esc to quit)
This tastes delicious!
You are feeling thirsty.
The giant gecko bites you.
You die...

#(.....#.... #####.....##.#
######(.....#.....+...#.....##.#
#...........#.....###.#.........
#.....(>..........+...##........
#.......##.#......###..#.......#
#.......##.#..#.................
#######.##.#<.#.######..####'##.
#......##......#..###..##.
#......gl@.....'........+.
#......##......##.##...##.
#########......##.........
#......###.....### #......#
#.....# ######## #.....# #.....#
#.....# ###...#


You could see a giant gecko and a goblin.

Vanquished Creatures
  An adder (D:2)
  2 giant geckos (D:1)
  A ball python (D:1)
  5 goblins
  A hobgoblin (D:1)
  2 jackals (D:1)
  2 bats
  3 giant cockroaches
  A giant newt (D:1)
  5 kobolds
  3 rats (D:1)
26 creatures vanquished.

Notes
Turn   | Place    | Note
--------------------------------------------------------------
     0 | D:1      | PolkaDot, the Vampire Enchanter, began the quest for the Orb.
     0 | D:1      | Reached XP level 1. HP: 13/13 MP: 3/3
   317 | D:1      | Reached XP level 2. HP: 2/19 MP: 2/4
   596 | D:1      | Learned a level 2 spell: Ensorcelled Hibernation
  1657 | D:2      | Found a burning altar of Makhleb.
  1711 | D:2      | Became a worshipper of Makhleb the Destroyer
  1732 | D:2      | Reached skill level 5 in Hexes
  1732 | D:2      | Reached XP level 3. HP: 24/24 MP: 0/6
  1739 | D:2      | Reached skill level 1 in Ice Magic
  2073 | D:2      | HP: 1/24 [giant gecko (5)]
  2076 | D:2      | Gained mutation: Your body is slowly deteriorating. [potion of mutation]
  2076 | D:2      | Gained mutation: You have large cloven feet. [potion of mutation]
  2079 | D:2      | Slain by a giant gecko

Action                   || total
-------------------------++-------
Melee: Dagger            ||    56
 Cast: Corona            ||     2
       Ensorcelled Hiber ||    15
  Use: Potion            ||     5
 Stab: Sleeping          ||    18
